 Dungeon Crawl Stone Soup version 0.27.1-1-g398f81649c (webtiles) character file.

Game seed: 10767978113789948150

632 GameOver the Conjurer (level 7, -1/49 HPs)
             Began as a Naga Hedge Wizard on Sept 5, 2021.
             Slain by a meliai zombie (3 damage)
             ... on level 6 of the Dungeon.
             The game lasted 00:13:57 (3762 turns).

GameOver the Conjurer (Naga Hedge Wizard)           Turns: 3762, Time: 00:13:58

Health: -1/49      AC:  3    Str: 12    XL:     7   Next: 49%
Magic:  7/11       EV: 10    Int: 16    God:
Gold:   266        SH:  0    Dex: 17    Spells: 6/12 levels left

rFire    . . .     SeeInvis +   a - +3 short sword
rCold    . . .     Faith    .   (no shield)
rNeg     . . .     Spirit   .   b - +0 robe
rPois    +         Reflect  .   (helmet restricted)
rElec    .         Harm     .   (no cloak)
rCorr    .         Rampage  .   (no gloves)
Will     .....                  (no barding)
Stlth    +++.......             (no amulet)
HPRegen  0.16/turn              k - +6 ring of dexterity
MPRegen  0.12/turn              (no ring)

@: mighty, brilliant, unable to read, very slow
A: AC +2, large, see invisible, deformed body, poison resistance, slowness 2,
spit poison 1, naga tail 1, antennae 1, frail 1, inability to read while
threatened
a: Spit Poison


You were on level 6 of the Dungeon.
You visited 1 branch of the dungeon, and saw 6 of its levels.

You collected 266 gold pieces.

Inventory:

Hand Weapons
 a - a +3 short sword (weapon)
Armour
 b - a +0 robe (worn)
 c - a +1 helmet
Jewellery
 h - a ring of ice
 k - a +6 ring of dexterity (left hand)
Scrolls
 d - a scroll of fear {unknown}
 j - a scroll of identify {unknown}
 l - 3 scrolls of teleportation {unknown}
 o - 3 scrolls of blinking {unknown}
Potions
 i - a potion of heal wounds {unknown}
 m - a potion of flight {unknown}
 n - a potion of curing {unknown}
 p - 2 potions of resistance {unknown}
 q - a potion of degeneration {unknown}


   Skills:
 - Level 1.5 Dodging
 + Level 5.3 Stealth
 - Level 3.0 Spellcasting
 - Level 6.0 Conjurations
 - Level 1.0 Summonings
 - Level 3.0 Translocations
 + Level 3.6 Poison Magic


You had 6 spell levels left.
You knew the following spells:

 Your Spells              Type           Power      Damage    Failure   Level
a - Magic Dart            Conj           100%       1d8       1%          1
b - Blink                 Tloc           N/A        N/A       9%          2
d - Mephitic Cloud        Conj/Pois/Air  19%        N/A       16%         3

Your spell library contained the following spells:

 Spells                   Type           Power      Damage    Failure   Level
 Conjure Flame            Conj/Fire      18%        6-21      16%         3
 Beastly Appendage        Tmut           6%         N/A       19%         1
 Call Imp                 Summ           8%         N/A       19%         2
 Spider Form              Tmut/Pois      6%         N/A       26%         3
 Slow                     Hex            3%         N/A       28%         2
 Wereblood                Tmut           3%         N/A       28%         2


Dungeon Overview and Level Annotations

Branches:
Dungeon (6/15)
 Temple: D:4-7

Altars:
Fedhas
Sif Muna
Zin

Shops:
D:5 :


Innate Abilities, Weirdness & Mutations

Your serpentine skin is tough. (AC +2)
You have supernaturally acute eyesight. (SInv)
Armour fits poorly on your strangely shaped body.
Your system is resistant to poisons. (rPois)
You cover ground very slowly.
You can spit poison.
You have a snake-like lower body.
You have a pair of small antennae on your head.
You are frail. (-10% HP)
You sometimes lose the ability to read scrolls when taking damage.


Message History

The meliai zombie hits you but does no damage.
The meliai zombie hits you. The meliai zombie barely misses you.
The meliai zombie hits you.
The magic dart hits the meliai zombie.
The meliai zombie is heavily damaged.
The meliai zombie hits you.
The meliai zombie hits you but does no damage.
The meliai zombie hits you! The meliai zombie closely misses you.
Unknown command.
You are too injured to fight recklessly!
Unknown command.
Casting: Magic Dart (safe; 1% risk of failure)
Confirm with . or Enter, or press ? or * to list all spells.
Aiming: Magic Dart (safe; 1% risk of failure)
Press: ? - help, Shift-Dir - straight line, f/p - meliai zombie
Aim: a meliai zombie (heavily damaged, 100% to hit)
The magic dart hits the meliai zombie.
The meliai zombie is heavily damaged.
The meliai zombie closely misses you. x3
The meliai zombie hits you but does no damage.
You aren't carrying any items that you can evoke.
It was a potion of mutation.
You feel extremely strange.
You lose the ability to read scrolls when threatened.
You feel frail. A pair of antennae grows on your head!
Your +1 helmet falls away!
The meliai zombie hits you. The meliai zombie closely misses you.
The meliai zombie hits you.
You feel threatened and lose the ability to read scrolls!
The meliai zombie closely misses you.
It was a potion of brilliance.
You feel clever all of a sudden. The meliai zombie hits you!
* * * LOW HITPOINT WARNING * * *
The meliai zombie barely misses you.
Unknown command.
It was a potion of might.
You feel very mighty all of a sudden. The meliai zombie hits you.
* * * LOW HITPOINT WARNING * * *
The meliai zombie barely misses you. The meliai zombie hits you.
You die...

#####+#
#########Z......
#.......@.......
###.#####.......
#.# ....... #.#
....... ###.#
....... #<..#
....... #####
##.#..# .#...


You could see a meliai zombie.

Vanquished Creatures
  An orc warrior (D:5)
  2 ogres
  A scorpion (D:5)
  A hound (D:5)
  A jelly (D:5)
  A centaur skeleton (D:5)
  2 orc priests (D:5)
  An orc wizard (D:5)
  A killer bee zombie (D:5)
  Robin (D:2)
  A howler monkey skeleton (D:4)
  2 adders
  4 orcs (D:5)
  4 ball pythons
  3 bats
  8 endoplasms
  2 giant cockroaches
  12 goblins
  7 hobgoblins
  2 kobolds (D:1)
  7 quokkas
  5 frilled lizards
  2 rats
71 creatures vanquished.

Notes
Turn   | Place    | Note
-------+----------+-------------------------------------------
     0 | D:1      | GameOver the Naga Hedge Wizard began the quest for the Orb.
     0 | D:1      | Reached XP level 1. HP: 15/15 MP: 4/4
   219 | D:1      | Reached skill level 2 in Conjurations
   219 | D:1      | Reached XP level 2. HP: 22/22 MP: 3/6
   878 | D:2      | Reached XP level 3. HP: 28/28 MP: 5/7
   881 | D:2      | Learned a level 2 spell: Blink
   885 | D:2      | Learned a level 3 spell: Mephitic Cloud
   930 | D:2      | Reached skill level 3 in Conjurations
  1029 | D:2      | Noticed Robin
  1110 | D:2      | Killed Robin
  1402 | D:2      | Reached XP level 4. HP: 36/36 MP: 5/8
  1571 | D:3      | Found a faded altar of an unknown god.
  1703 | D:3      | Reached skill level 4 in Conjurations
  2059 | D:4      | Found a shimmering blue altar of Sif Muna.
  2178 | D:4      | Identified the +1 robe "Weasm" {rElec rN+ Will+}
  2280 | D:4      | Noticed an ogre
  2288 | D:4      | Killed an ogre
  2289 | D:4      | Reached skill level 5 in Conjurations
  2289 | D:4      | Reached XP level 5. HP: 42/42 MP: 5/9
  2792 | D:5      | Entered Level 5 of the Dungeon
  2860 | D:5      | Reached XP level 6. HP: 45/49 MP: 6/10
  2964 | D:5      | Reached skill level 6 in Conjurations
  2968 | D:5      | Noticed an orc warrior
  3024 | D:5      | Killed an orc warrior
  3025 | D:5      | Reached skill level 1 in Poison Magic
  3097 | D:5      | Found a blossoming altar of Fedhas.
  3119 | D:5      | Reached XP level 7. HP: 31/55 MP: 4/11
  3436 | D:5      | Reached skill level 5 in Stealth
  3510 | D:5      | Found a glowing silver altar of Zin.
  3675 | D:5      | Found Gohymn's Book Shop.
  3760 | D:6      | Gained mutation: You sometimes lose the ability to read
                  | scrolls when taking damage. [potion of mutation]
  3760 | D:6      | Gained mutation: You are frail. (-10% HP) [potion of
                  | mutation]
  3760 | D:6      | Gained mutation: You have a pair of small antennae on your
                  | head. [potion of mutation]
  3762 | D:6      | HP: 2/49 [meliai zombie (5)]
  3762 | D:6      | Slain by a meliai zombie

Illustrated notes

Levels and vault maps discovered:
D:1:      minmay_arrival_solitary_statue, layout_loops_ring
D:2:      layout_loops_ring, uniq_robin
D:3:      layout_rooms, basic_ecumenical_altar
D:4:      layout_loops_corners, mainiacjoe_overflow_chevrons
D:5:      cheibrodos_thug_alley, layout_basic, old_standard_altar,
          mainiacjoe_overflow_catwalk, serial_shops, shop,
          uniq_crazy_yiuf_cottage, uniq_duvessa
D:6:      layout_basic, cheibrodos_sewer_entry_sluice

Skill      XL: |  1  2  3  4  5  6  7 |
---------------+----------------------+-----
Conjurations   | 2 3 5 6 |  6.0
Translocations | 2 3 |  3.0
Poison Magic   | 2 3 |  3.6
Stealth        | 4 5 |  5.3
Dodging        | |  1.5
Spellcasting   | |  3.0
Summonings     | |  1.0

Action                   |  1- 3 |  4- 6 |  7- 9 || total
-------------------------+-------+-------+-------++-------
Melee: Short sword       |     5 |     7 |     3 ||    15
 Cast: Magic Dart        |    36 |    38 |    39 ||   113
       Mephitic Cloud    |       |     6 |       ||     6
 Abil: Spit Poison       |    37 |    28 |     5 ||    70
  Use: Potion            |       |       |     3 ||     3
 Stab: Sleeping          |     1 |       |     1 ||     2
Armor: Robe              |     3 |     2 |    20 ||    25
Dodge: Dodged            |     9 |     6 |    23 ||    38
